 Dungeon Crawl Stone Soup version 0.27-a0-1202-ge72e49191c (webtiles) character file.

Game seed: 13053288000557940283

21 Glokmah the Digger (level 2, -7/14 HPs)
             Began as a Gargoyle Earth Elementalist on June 4, 2021.
             Was a Follower of Hepliaklqana.
             Mangled by Sigmund
             ... wielding a +0 scythe
              (12 damage)
             ... on level 2 of the Dungeon.
             The game lasted 00:02:15 (1213 turns).

Glokmah the Digger (Gargoyle Earth Elementalist)    Turns: 1213, Time: 00:02:16

Health: -7/14      AC:  5    Str: 11    XL:     2   Next: 87%
Magic:  5/5        EV: 11    Int: 15    God:    Hepliaklqana [*.....]
Gold:   58         SH:  0    Dex: 10    Spells: 2/5 levels left

rFire    + . .     SeeInvis .   a - +0 dagger (speed)
rCold    . . .     Faith    .   (no shield)
rNeg     + . .     Spirit   .   c - +0 robe
rPois    ∞         Reflect  .   (no helmet)
rElec    +         Harm     .   (no cloak)
rCorr    .         Rampage  .   (no gloves)
Will     .....                  g - +0 pair of boots
Stlth    ++........             (no amulet)
HPRegen  0.04/turn              f - ring of protection from fire
MPRegen  0.09/turn              (no ring)

@: no status effects
A: reduced essence, sickness immunity, AC +2, negative energy resistance 1,
electricity resistance, torment resistance 1, petrification resistance
a: Renounce Religion, Recall Ancestor, Ancestor Identity


You were on level 2 of the Dungeon.
You worshipped Hepliaklqana.
Hepliaklqana was aware of your devotion.
You visited 1 branch of the dungeon, and saw 2 of its levels.

You collected 58 gold pieces.

Inventory:

Hand Weapons
 a - a +0 dagger of speed (weapon)
 h - a +0 spear
Missiles
 b - 42 stones
Armour
 c - a +0 robe (worn)
 g - a +0 pair of boots (worn)
Jewellery
 f - a ring of protection from fire (left hand)
Scrolls
 d - a scroll of blinking {unknown}
 e - 2 scrolls of fear {unknown}
 i - a scroll of magic mapping {unknown}
 k - a scroll of identify {unknown}
Potions
 j - a potion of berserk rage {unknown}
 l - a potion of mutation {unknown}


   Skills:
 + Level 1.0 Fighting
 - Level 1.5 Dodging
 - Level 2.1 Stealth
 + Level 2.2 Spellcasting
 + Level 1.1 Transmutations
 * Level 4.1 Earth Magic


You had 2 spell levels left.
You knew the following spells:

 Your Spells              Type           Power      Damage    Failure   Level
a - Sandblast             Erth           28%        2d8       4%          1
b - Passwall              Tmut/Erth      7%         N/A       11%         2

Your spell library contained the following spells:

 Spells                   Type           Power      Damage    Failure   Level
 Stone Arrow              Conj/Erth      14%        3d7       28%         3
 Petrify                  Tmut/Erth      9%         N/A       58%         4
 Lee's Rapid Deconstruct  Erth           7%         3d7*      73%         5


Dungeon Overview and Level Annotations

Branches:
Dungeon (2/15)

Altars:
Hepliaklqana

Shops:
D:1 *

Annotations:
D:2 Sigmund


Innate Abilities, Weirdness & Mutations

Your life essence is reduced to manifest your ancestor. (-10% HP)
You are immune to sickness and miasma.
Your stone body is resilient. (AC +2)
You are immune to poison.
You resist negative energy. (rN+)
You are resistant to electric shocks. (rElec)
You are resistant to unholy torment.
You are immune to petrification.


Message History

There is a stone staircase leading up here.
You now have 58 gold pieces (gained 19).
Found a robe.
You swap places.
Sigmund the Dreaded comes into view.
He is wielding a +0 scythe.
Casting: Sandblast (safe; 4% risk of failure)
Confirm with . or Enter, or press ? or * to list all spells.
Aiming: Sandblast (safe; 4% risk of failure)
Press: ? - help, Shift-Dir - straight line, f - you
Okay, then.
You swap places.
You open the door.
There is an open door here.
You open the door.
There is an open door here.
Sigmund shouts!
Sigmund points at you and mumbles some strange words.
You are confused.
You closely miss Vojtech.
Sigmund points at you and mumbles some strange words.
The magic dart hits you!
Ouch! That really hurt!
* * * LOW HITPOINT WARNING * * *
You barely miss Vojtech. Sigmund barely misses you.
You bump into the rock wall.
Sigmund gestures at you while chanting. The puff of flame misses you.
The puff of flame hits Vojtech.
Vojtech resists.
You bump into the rock wall.
Sigmund closely misses you.
Okay, then.
You are too confused!
Unknown command.
You bump into the rock wall.
Sigmund barely misses you.
You bump into the rock wall.
Sigmund closely misses you.
You're too confused to move!
You feel less confused.
Sigmund says, "You will soon forget everything."
Sigmund hits you with a +0 scythe!
Ouch! That really hurt!
You die...

##.....## #.##.# #
##...## #.##.##.#
##'## #.......#
#####.#####
####.####
#.........# #.#
#.###.###.# #.#
#.##...##.# #.#
#.......#.######.#
###.[..........@@R.#
............########
#######.##### #.#
#.# #.# .#


You could see the friendly Vojtech the ancestor and Sigmund (ally target).

Vanquished Creatures
  3 dart slugs (D:1)
  2 bats (D:1)
  An endoplasm (D:1)
  A giant cockroach (D:1)
  2 goblins
  3 hobgoblins
  A ball python (D:1)
13 creatures vanquished.

Notes
Turn   | Place    | Note
-------+----------+-------------------------------------------
     0 | D:1      | Glokmah the Gargoyle Earth Elementalist began the quest for
                  | the Orb.
     0 | D:1      | Reached XP level 1. HP: 10/10 MP: 3/3
   136 | D:1      | Found Bazeb's General Store.
   324 | D:1      | Reached skill level 1 in Transmutations
   324 | D:1      | Reached XP level 2. HP: 16/16 MP: 5/5
   329 | D:1      | Reached skill level 4 in Earth Magic
   352 | D:1      | Learned a level 2 spell: Passwall
   893 | D:1      | Found a faded altar of an unknown god.
   896 | D:1      | Became a worshipper of Hepliaklqana the Forgotten
   896 | D:1      | Reached * piety under Hepliaklqana
  1072 | D:2      | Reached skill level 1 in Fighting
  1175 | D:2      | Noticed Sigmund
  1213 | D:2      | Mangled by Sigmund

Illustrated notes

Levels and vault maps discovered:
D:1:      minmay_arrival_stone_box, layout_basic, serial_shops, shop,
          hellmonk_ecumenical_altar_inner_sanctum
D:2:      minmay_angry_zag, layout_loops_corners, uniq_sigmund

Skill      XL: |  1  2 |
---------------+-------+-----
Transmutations | 1 |  1.1
Earth Magic    | 4 |  4.1
Fighting       | 1 |  1.0
Dodging        | |  1.5
Stealth        | |  2.1
Spellcasting   | |  2.2

Action                   || total
-------------------------++-------
Melee: Spear             ||    17
       Dagger            ||    26
 Cast: Sandblast         ||     6
Invok: Ancestor Identity ||     1
Armor: Robe              ||     7
Dodge: Dodged            ||    18

Table legend: (Time is in decaauts)
 A = Elapsed time spent in this place.
 B = Non-inter-level travel time spent in this place.
 C = Inter-level travel time spent in this place.
 D = Time resting spent in this place.
 E = Time spent auto-exploring this place.
 F = Levels seen in this place.
 G = Mean time per level.
                   A        B        C        D        E       F      G
               +--------+--------+--------+--------+--------+-----+--------+
         Total |   1207 |   1085 |    122 |      0 |    845 |   2 |  603.5 |
       Dungeon |   1207 |   1085 |    122 |      0 |    845 |   2 |  603.5 |
               +--------+--------+--------+--------+--------+-----+--------+

Top non-repeatable levels by time:
     D:1: 1090 daAuts
     D:2: 116 daAuts
